 Dungeon Crawl Stone Soup version 0.14.2 (webtiles) character file.

137 coffecat the Exhumer (level 4, -2/38 HPs)
             Began as a Minotaur Death Knight on Dec 5, 2015.
             Was a Follower of Yredelemnul.
             Slain by a slave (6 damage)
             ... led by Pikel
             ... on Level 4 of the Dungeon.
             The game lasted 00:08:24 (1504 turns).

coffecat the Exhumer (Minotaur Death Knight)        Turns: 1504, Time: 00:08:25

HP  -2/38        AC  5     Str 19      XL: 4   Next: 35%
MP   5/5         EV 11     Int  8      God: Yredelemnul [*.....]
Gold 45          SH  0     Dex  9      Spells:  0 memorised,  3 levels left

rFire  . . .     SeeInvis .     a - +1 hand axe
rCold  + . .     Clarity  .     q - +1 leather armour {rC+}
rNeg   + . .     Conserve .     (no shield)
rPois  .         rCorr    .     (helmet restricted)
rElec  .         rRot     .     k - +0 cloak
SustAb . .       Spirit   .     (no gloves)
rMut   .         Warding  .     (no boots)
Saprov . . .     Stasis   .     (no amulet)
MR     .....                    (no ring)
                                h - ring of positive energy {unknown}

@: injury mirror, not resistant to hostile enchantments, very unstealthy
A: retaliatory headbutt, horns 2
a: Animate Remains, Renounce Religion


You were on level 4 of the Dungeon.
You worshipped Yredelemnul.
Yredelemnul was aware of your devotion.
You were not hungry.

You visited 1 branch of the dungeon, and saw 4 of its levels.

You collected 45 gold pieces.

Inventory:

Hand weapons
 a - a +1,+1 hand axe (weapon)
Armour
 b - a +0 leather armour
 k - a +0 cloak (worn)
 q - a +1 leather armour of cold resistance (worn)
Magical devices
 c - a wand of flame (15) {unknown}
Scrolls
 d - 2 scrolls of teleportation {unknown}
 e - a scroll of blinking {unknown}
 g - 2 scrolls of identify {unknown}
 o - a scroll of enchant weapon I {unknown}
 p - a scroll of magic mapping {unknown}
 r - a scroll of fear {unknown}
Jewellery
 h - a ring of positive energy (left hand) {unknown}
 m - an uncursed ring of sustain abilities {unknown}
Potions
 f - a potion of agility {unknown}
 i - a potion of brilliance {unknown}
 j - a potion of paralysis {unknown}
 l - 2 potions of confusion {unknown}
 n - 2 potions of haste {unknown}


   Skills:
 + Level 3.2 Fighting
 + Level 2.9 Axes
 + Level 1.7 Armour
 + Level 2.1 Dodging
 + Level 0.1 Stealth
 + Level 3.8 Invocations


You had 3 spell levels left.
You didn't know any spells.

Dungeon Overview and Level Annotations

Branches:
Dungeon (4/15)             Temple (0/1) D:4

Altars:
Dithmenos
Makhleb
Vehumet

Annotations:
D:4 Pikel


Innate Abilities, Weirdness & Mutations

You reflexively headbutt those who attack you in melee.
You have a pair of horns on your head.


Message History

You hit Pikel.
Pikel is moderately wounded.
You hit the slave.
The slave is lightly wounded.
Pikel hits you with a whip of flaming! Pikel burns you.
* * * LOW HITPOINT WARNING * * *
The slave hits you but does no damage.
Your rat zombie closely misses the slave.
The slave barely misses you. The slave hits you.
* * * LOW HITPOINT WARNING * * *
You hit Pikel but do no damage.
Pikel is moderately wounded.
You barely miss the slave.
The slave is heavily wounded.
You hit the slave but do no damage.
The slave is moderately wounded.
The slave hits you.
You die...
Your body rises from the dead as a mindless zombie.

.................########.
..................# #.
...................# #.
...................########.
............................
.............................
.............................
..........)@....#.#.#.#.#....
.........z@@@................
..........@K....#.......#....
............................
...............#...>...#....
............................
..............#.......#....
.)........................
.....(......#.#.#.#.#....
.....................


You could see Pikel, 4 slaves and a friendly rat zombie.

Vanquished Creatures
  5 adders
  2 giant mites
  A giant gecko (D:2)
  A goblin (D:3)
  7 hobgoblins
  2 kobolds (D:1)
  3 quokkas
  4 bats
  A giant cockroach (D:3)
  A giant newt (D:2)
  A goblin skeleton (D:4)
  4 rats
32 creatures vanquished.

Vanquished Creatures (collateral kills)
  An orc (D:3)
  2 hobgoblins
  A giant newt (D:2)
4 creatures vanquished.

Vanquished Creatures (others)
  2 adder zombies
  A bat zombie (D:3)
  A giant newt zombie (D:2)
  2 hobgoblin zombies
  A quokka zombie (D:3)
7 creatures vanquished.

Grand Total: 43 creatures vanquished

Notes
Turn   | Place    | Note
--------------------------------------------------------------
     0 | D:1      | coffecat, the Minotaur Death Knight, began the quest for the Orb.
     0 | D:1      | Reached XP level 1. HP: 18/18 MP: 1/1
   120 | D:2      | Reached skill level 3 in Invocations
   149 | D:2      | Reached XP level 2. HP: 15/25 MP: 0/2
   686 | D:2      | You fall through a shaft!
   689 | D:3      | Found a shadowy altar of Dithmenos.
   820 | D:3      | Reached XP level 3. HP: 25/31 MP: 4/4
   864 | D:3      | Found a burning altar of Makhleb.
   913 | D:3      | Found a radiant altar of Vehumet.
  1038 | D:3      | Reached XP level 4. HP: 30/38 MP: 5/5
  1159 | D:4      | Acquired Yredelemnul's second power
  1230 | D:4      | Found a staircase to the Ecumenical Temple.
  1491 | D:4      | Noticed a slave
  1491 | D:4      | Noticed a slave
  1492 | D:4      | Noticed Pikel
  1492 | D:4      | Noticed a slave
  1494 | D:4      | Noticed a slave
  1504 | D:4      | Slain by a slave

Action                   |  1- 3 |  4- 6 || total
-------------------------+-------+-------++-------
Melee: Hand axe          |    49 |    24 ||    73
Invok: Animate Remains   |    12 |     3 ||    15
       Injury Mirror     |       |     1 ||     1
